 Dungeon Crawl Stone Soup version 0.31-a0-321-g19405a7a6a (webtiles) character file.

Game seed: 4204779329797952665

374 pokeman the Magician (level 6, -8/34 HPs)
             Began as a Deep Elf Hedge Wizard on July 17, 2023.
             Mangled by a wraith (13 damage)
             ... in an ossuary.
             The game lasted 00:06:59 (3776 turns).

pokeman the Magician (Deep Elf Hedge Wizard)        Turns: 3776, Time: 00:07:00

Health: -8/34      AC:  2    Str:  7    XL:     6   Next: 43%
Magic:  16/17      EV: 18    Int: 21    God:
Gold:   280        SH:  0    Dex: 14    Spells: 9/17 levels left

rFire   . . .        r - +0 mace (drain)
rCold   . . .        (no shield)
rNeg    . . .        t - +0 robe {Will+}
rPois   .            c - +0 hat
rElec   .            (no cloak)
rCorr   .            (no gloves)
SInv    .            (no boots)
Will    +....        (no amulet)
Stlth   ++           f - +5 ring of evasion
HPRegen 0.25/turn    n - ring of wizardry
MPRegen 0.15/turn

%: wizardry (x1)
@: slowed, very slow
A: no striking features
a: no special abilities


You were in an ossuary.
You visited 1 branch of the dungeon, and saw 4 of its levels.
You also visited: Ossuary.

You collected 280 gold pieces.

Inventory:

Hand Weapons
 r - a +0 mace of draining (weapon)
Armour
 c - a +0 hat (worn)
 t - a +0 robe of willpower (worn)
Jewellery
 f - a +5 ring of evasion (left hand)
 n - a ring of wizardry (right hand)
 s - an amulet of guardian spirit
Wands
 b - a wand of light (1)
Scrolls
 g - 5 scrolls of noise {unknown}
 h - 2 scrolls of blinking {unknown}
 i - a scroll of vulnerability {unknown}
 j - 4 scrolls of identify {unknown}
 k - a scroll of revelation {unknown}
 l - a scroll of amnesia {unknown}
 p - a scroll of poison {unknown}
 q - 3 scrolls of torment {unknown}
 v - a scroll of fog {unknown}
Potions
 a - a potion of invisibility {unknown}
 d - 2 potions of magic
 e - 2 potions of curing {unknown}
 m - a potion of ambrosia {unknown}
 o - a potion of might {unknown}
 u - 2 potions of mutation {unknown}
 w - a potion of degeneration {unknown}


   Skills:
 - Level 1.0 Fighting
 - Level 1.0 Armour
 - Level 3.0 Dodging
 - Level 3.0 Stealth
 * Level 6.1 Spellcasting
 + Level 5.1 Conjurations
 - Level 1.1 Summonings
 - Level 1.1 Translocations
 + Level 0.6 Air Magic
 + Level 0.6 Poison Magic
 + Level 0.1 Evocations


You had 9 spell levels left.
You knew the following spells:

 Your Spells              Type           Power      Damage    Failure   Level
a - Magic Dart            Conj           100%       1d8       1%          1
b - Mephitic Cloud        Conj/Pois/Air  15%        N/A       4%          3
c - Call Imp              Summ           22%        N/A       4%          2
d - Blink                 Tloc           22%        N/A       4%          2

Your spell library contained the following spells:

 Spells                   Type           Power      Damage    Failure   Level
 Slow                     Hex            24%        N/A       4%          1
 Cigotuvi's Dreadful Rot  Necr/Pois/Air  16%        N/A       4%          2
 Manifold Assault         Tloc           11%        N/A       24%         4
 Olgreb's Toxic Radiance  Pois           9%         N/A       28%         4
 Death Channel            Necr           3%         N/A       99%         6


Dungeon Overview and Level Annotations

Branches:
Dungeon (4/15)             Temple (0/1) D:4         Ossuary (1/1)

Altars:
Qazlal

Shops:
D:2 =   D:3 [


Message History

The wraith hits you. The wraith drains your vigour!
You feel yourself slow down.
You hit the wraith but do no damage.
The wraith is lightly damaged.
Your cerulean imp is no longer moving slowly.
Your cerulean imp closely misses the wraith.
You catch the helpless wraith completely off-guard!
You hit the wraith but do no damage.
The wraith is lightly damaged.
Your cerulean imp hits the wraith but does no damage.
The wraith barely misses you.
Your cerulean imp hits the wraith with a -3 spear.
The wraith misses you.
You hit the wraith.
The wraith is lightly damaged.
The wraith is no longer blind.
Your cerulean imp hits the wraith but does no damage.
The wraith hits you.
Your cerulean imp hits the wraith but does no damage.
The wraith closely misses you.
Your cerulean imp hits the wraith but does no damage.
You closely miss the wraith.
The wraith is lightly damaged.
The wraith hits you.
Your cerulean imp barely misses the wraith.
The wraith closely misses you.
Your cerulean imp hits the wraith but does no damage.
Unknown command.
Aiming: Bolt of Light
Press: ? - help, Shift-Dir - straight line, p - wraith The bolt of light hits the wraith.
The wraith is moderately damaged.
The wraith is blinded.
You feel yourself speed up. The wraith hits you!
* * * LOW HITPOINT WARNING * * *
The wraith drains your vigour!
You feel yourself slow down.
Your cerulean imp hits the wraith but does no damage.
The wraith hits you!
You die...

#####+#####
#...@.....##
#...##W##...##
#...##..5##...##
#...##.?.?.##...#
+.. #..!!...#...+
#...##.!.?.##...#
##...##...##...##
. #...#####...##
...##.........##


You could see a wraith (blind, ally target) and a friendly cerulean imp
(summoned).

Vanquished Creatures
  Sigmund (D:3)
  A mummy (Ossuary)
  6 adders
  4 gnolls (D:3)
  4 worms
  6 dart slugs
  5 orcs (D:3)
  5 endoplasms
  2 giant cockroaches (D:2)
  6 goblins
  6 hobgoblins
  7 jackals
  2 quokkas (D:1)
  A ball python (D:1)
  4 bats
  3 frilled lizards
  2 gnoll skeletons (Ossuary)
  5 kobolds
  A kobold skeleton (Ossuary)
  3 orc skeletons (Ossuary)
  7 rats
81 creatures vanquished.

Vanquished Creatures (collateral kills)
  2 gnoll skeletons (Ossuary)
  An orc skeleton (Ossuary)
3 creatures vanquished.

Grand Total: 84 creatures vanquished

Notes
Turn   | Place    | Note
-------+----------+-------------------------------------------
     0 | D:1      | pokeman the Deep Elf Hedge Wizard began the quest for the
                  | Orb.
     0 | D:1      | Reached XP level 1. HP: 10/10 MP: 7/7
   265 | D:1      | Reached XP level 2. HP: 14/16 MP: 9/9
   629 | D:1      | Reached skill level 5 in Spellcasting
  1084 | D:2      | Reached XP level 3. HP: 20/20 MP: 8/11
  1088 | D:2      | Learned a level 3 spell: Mephitic Cloud
  1091 | D:2      | Learned a level 2 spell: Call Imp
  1094 | D:2      | Learned a level 2 spell: Blink
  1342 | D:2      | Reached skill level 1 in Armour
  1364 | D:2      | Reached skill level 1 in Fighting
  1588 | D:2      | Reached XP level 4. HP: 25/25 MP: 8/13
  1972 | D:2      | Found Holetseh's Jewellery Shoppe.
  2021 | D:2      | Found a faded altar of an unknown god.
  2192 | D:2      | Got the Essays on Mortuary Pestilence
  2311 | D:3      | Noticed Sigmund
  2327 | D:3      | Killed Sigmund
  2328 | D:3      | Reached XP level 5. HP: 27/29 MP: 8/15
  2328 | D:3      | Reached XP level 6. HP: 31/34 MP: 8/16
  2456 | D:3      | Found Aphutem's Antique Armour Shop.
  2539 | D:3      | Reached skill level 5 in Conjurations
  2775 | D:3      | Reached skill level 6 in Spellcasting
  3150 | D:3      | Found a stormy altar of Qazlal.
  3573 | D:4      | Found a staircase to the Ecumenical Temple.
  3574 | D:4      | Found a sand-covered staircase.
  3583 | Ossuary  | Entered an ossuary
  3583 | Ossuary  | Noticed a wraith
  3583 | Ossuary  | Noticed a wraith
  3583 | Ossuary  | Noticed a wraith
  3746 | Ossuary  | Noticed a wraith
  3776 | Ossuary  | Mangled by a wraith

Illustrated notes

Levels and vault maps discovered:
D:1:      lemuel_arrival_river_ford, layout_basic
D:2:      layout_loops_ring, basic_ecumenical_altar, serial_shops, shop
D:3:      layout_basic, mainiacjoe_overflow_small_starburst, serial_shops,
          shop_coins, uniq_sigmund
D:4:      layout_cave_pools, trog_hazing_becter, mainiacjoe_overflow_24_doors,
          temple_fountains, nicolae_ossuary_entry_monument,
          serial_co_window_serial, co_window_paths_a, co_window_paths_a,
          co_window_corner_a, co_window_paths_b, co_window_paths_a,
          co_window_corner_a, co_window_paths_a, co_window_unsneaky_path_e,
          co_window_corner_ca, co_window_unsneaky_path_c, co_window_2corner,
          co_window_broadway_b, co_window_corner_b, co_window_paths_d,
          glass_columns_a, uniq_pikel
Ossuary:  ossuary_due_mausoleum

Skill      XL: |  1  2  3  4  5  6 |
---------------+-------------------+-----
Spellcasting   | 5 6 |  6.1
Armour         | 1 |  1.0
Fighting       | 1 |  1.0
Conjurations   | 2 4 5 |  5.1
Dodging        | 3 |  3.0
Stealth        | 3 |  3.0
Summonings     | |  1.1
Translocations | |  1.1
Air Magic      | |  0.6
Poison Magic   | |  0.6
Evocations     | |  0.1

Action                     |  1- 3 |  4- 6 || total
---------------------------+-------+-------++-------
  Melee: Dagger            |    26 |    15 ||    41
         Mace              |       |    40 ||    40
   Cast: Magic Dart        |    82 |    90 ||   172
         Mephitic Cloud    |     1 |    10 ||    11
         Call Imp          |       |     6 ||     6
         Blink             |       |     1 ||     1
  Evoke: Wand              |       |     2 ||     2
   Stab: Sleeping          |     1 |       ||     1
         Confused          |     2 |     3 ||     5
         Invisible         |       |     4 ||     4
 Armour: Robe              |       |     7 ||     7
  Dodge: Dodged            |    25 |    59 ||    84

Table legend: (Time is in decaauts)
 A = Elapsed time spent in this place.
 B = Non-inter-level travel time spent in this place.
 C = Inter-level travel time spent in this place.
 D = Time resting spent in this place.
 E = Time spent auto-exploring this place.
 F = Levels seen in this place.
 G = Mean time per level.
                   A        B        C        D        E       F      G
               +--------+--------+--------+--------+--------+-----+--------+
         Total |   3796 |   3757 |     39 |     16 |   3173 |   5 |  759.2 |
       Dungeon |   3593 |   3554 |     39 |     16 |   3028 |   4 |  898.2 |
       Ossuary |    203 |    203 |      0 |      0 |    145 |   1 |  203.0 |
               +--------+--------+--------+--------+--------+-----+--------+

Top non-repeatable levels by time:
     D:2: 1272 daAuts
     D:3: 1218 daAuts
     D:1: 1041 daAuts
 Ossuary: 203 daAuts
     D:4: 60 daAuts
